 Dungeon Crawl Stone Soup version 0.29-a0-994-gc5c9f59d18 (webtiles) character file.

Game seed: 1060474752670409585

1810 xian the Thaumaturge (level 8, -2/39 HPs)
             Began as a Spriggan Conjurer on Aug 4, 2022.
             Was an Initiate of Gozag.
             Slain by an orc warrior
             ... wielding a +0 short sword
              (7 damage)
             ... on level 6 of the Dungeon.
             The game lasted 00:16:14 (7889 turns).

xian the Thaumaturge (Spriggan Conjurer)            Turns: 7889, Time: 00:16:15

Health: -2/39      AC:  5    Str:  5    XL:     8   Next: 84%
Magic:  21/21      EV: 21    Int: 15    God:    Gozag
Gold:   412        SH:  0    Dex: 24    Spells: 14/23 levels left

rFire   . . .      SeeInvis +   x - +7 quarterstaff of the Living God {venom, rC+ Int-4 Dex+4}
rCold   + . .      Faith    .   (shield currently unavailable)
rNeg    . . .      Spirit   .   a - +0 robe
rPois   .          Reflect  .   n - +0 hat
rElec   .          Harm     .   l - +2 cloak
rCorr   .          Rampage  .   (gloves unavailable)
Will    +....                   (boots unavailable)
Stlth   +++.......              (no amulet)
HPRegen 0.13/turn               j - ring of wizardry
MPRegen 0.17/turn               t - +6 ring of dexterity

@: very quick
A: very small, no large weapons, unfitting armour, see invisible, speed 3
a: Renounce Religion, Potion Petition, Call Merchant, Bribe Branch


You were on level 6 of the Dungeon.
You worshipped Gozag.
Gozag was aware of your devotion.
You visited 1 branch of the dungeon, and saw 6 of its levels.

You collected 876 gold pieces.
You spent 420 gold pieces at shops.
You paid 44 gold pieces to Gozag.

Inventory:

Hand Weapons
 q - a +0 club
 x - the +7 quarterstaff of the Living God (weapon) {venom, rC+ Int-4 Dex+4}
   (You acquired it on level 5 of the Dungeon)

   It poisons the flesh of those it strikes.
   Int:       It affects your intelligence (-4).
   Dex:       It affects your dexterity (+4).
   rC:        It protects you from cold.
Armour
 a - a +0 robe (worn)
 h - the +0 buckler "Cuash" {Str+4}
   (You acquired it on level 2 of the Dungeon)

   Str:       It affects your strength (+4).
 l - a +2 cloak (worn)
 n - a +0 hat (worn)
Jewellery
 j - a ring of wizardry (left hand)
 t - a +6 ring of dexterity (right hand)
Wands
 g - a wand of polymorph (9)
Scrolls
 e - 3 scrolls of immolation
 f - 5 scrolls of enchant weapon
 i - a scroll of fear
 k - a scroll of noise {unknown}
 m - 6 scrolls of teleportation
 p - a scroll of magic mapping {unknown}
 r - 2 scrolls of silence {unknown}
 s - 2 scrolls of enchant armour {unknown}
 v - a scroll of identify
 y - a scroll of blinking {unknown}
Potions
 b - 3 potions of magic
 c - 3 potions of cancellation
 d - 5 potions of curing
 o - 2 potions of lignification
 u - 2 potions of might
 w - 2 potions of mutation
 z - 2 potions of haste {unknown}


   Skills:
 + Level 2.1 Fighting
 + Level 2.8 Staves
 + Level 5.1 Dodging
 + Level 4.7 Stealth
 + Level 0.7 Shields
 + Level 8.1 Spellcasting
 + Level 6.0 Conjurations


You had 14 spell levels left.
You knew the following spells:

 Your Spells              Type           Power      Damage    Failure   Level
a - Magic Dart            Conj           96%        1d7       1%          1
b - Searing Ray           Conj           48%        2d6       1%          2
c - Iskenderun's Mystic   Conj/Tloc      15%        2d5       14%         4
d - Passwall              Tmut/Erth      5%         N/A       8%          2

Your spell library contained the following spells:

 Spells                   Type           Power      Damage    Failure   Level
 Dazzling Flash           Conj/Hex       30%        N/A       4%          3
 Ensorcelled Hibernation  Hex/Ice        12%        N/A       8%          2
 Gell's Gravitas          Tloc           6%         N/A       14%         3
 Swiftness                Air            6%         N/A       14%         3
 Teleport Other           Tloc           6%         N/A       14%         3
 Fulminant Prism          Conj/Hex       7%         3d7       14%         4
 Dispersal                Tloc           3%         N/A       99%         6


Dungeon Overview and Level Annotations

Branches:
Dungeon (6/15)
 Temple: D:4-7

Altars:
Fedhas
Gozag
Hepliaklqana
Qazlal
The Shining One

Shops:
D:3 :   D:5 !   D:6 [

Annotations:
D:3 2 transporters, Yogidamonk's ghost, amateur MiFi


Innate Abilities, Weirdness & Mutations

You are very small and have problems with some larger weapons.
You are too small for most types of armour.
You have supernaturally acute eyesight. (SInv)
You cover ground extremely quickly. (Speed+++)


Message History

The orc is severely wounded.
You kill the orc!
You barely miss the orc warrior. The orc warrior completely misses you.
You closely miss the orc warrior. The orc warrior barely misses you.
You hit the orc warrior but do no damage.
The orc warrior is poisoned.
The orc warrior hits you with a +0 short sword.
A necrophage comes into view.
You hit the orc warrior.
The orc warrior looks as sick as possible!
The orc warrior is moderately wounded.
The orc warrior completely misses you.
You hit the orc warrior but do no damage.
The orc warrior is moderately wounded.
The orc warrior hits you with a +0 short sword!
You hit the orc warrior but do no damage.
The orc warrior looks as sick as possible!
The orc warrior is moderately wounded.
The orc warrior closely misses you.
You hit the orc warrior.
The orc warrior looks as sick as possible!
The orc warrior is severely wounded.
The orc warrior closely misses you.
Items here: $ ( ) [.
You sock the orc!
You kill the orc!
The orc warrior hits you with a +0 short sword!
* * * LOW HITPOINT WARNING * * *
The necrophage is distracted by your dazzling golden aura.
Things that are here:
7 gold pieces; a +0 club; a +0 leather armour You hit the necrophage.
The necrophage is no longer distracted by gold.
The necrophage is moderately damaged.
The orc warrior completely misses you. The necrophage barely misses you.
You barely miss the necrophage.
The necrophage is moderately damaged.
The orc warrior hits you with a +0 short sword!
You die...
Your body crumbles into a pile of gold.

####### #########.....#
#
#.............####.####
........P......o@n....#
####...P..~....##..##.#
#..P..~~~...# .....
#....~♣~~~♣.# ...#.#
#.#.P♣~~♣~P.# .......
#..P~♣~~~♣... .......
#...~~~~♣..##....#...
#....~~♣.... ........
#..P..P.PP


You could see an orc warrior (very poisoned) and a necrophage.

Vanquished Creatures
  Prince Ribbit (D:5)
  Sigmund (D:2)
  Menkaure (D:5)
  A water moccasin (D:5)
  An ice beast (D:6)
  2 ogres (D:6)
  2 phantoms
  A gnoll sergeant (D:6)
  4 scorpions
  3 electric eels (D:6)
  3 hounds
  3 iguanas
  An orc wizard (D:6)
  9 gnolls (D:6)
  2 adders
  A shadow imp (D:5)
  5 ufetubi
  3 worms (D:2)
  4 dart slugs
  11 orcs
  6 ball pythons
  3 bats
  3 endoplasms
  4 giant cockroaches
  5 hobgoblins
  6 kobolds
  A quokka (D:3)
  4 frilled lizards
  6 goblins
  5 rats
102 creatures vanquished.

Vanquished Creatures (others)
  3 fungi (D:4)
  15 plants (D:6)
18 creatures vanquished.

Grand Total: 120 creatures vanquished

Notes
Turn   | Place    | Note
-------+----------+-------------------------------------------
     0 | D:1      | xian the Spriggan Conjurer began the quest for the Orb.
     0 | D:1      | Reached XP level 1. HP: 9/9 MP: 5/5
    81 | D:1      | Found a faded altar of an unknown god.
   424 | D:1      | Reached XP level 2. HP: 13/13 MP: 0/6
   723 | D:2      | Noticed Sigmund
   811 | D:1      | Learned a level 2 spell: Searing Ray
  1086 | D:3      | Found Wopryt's Book Shop.
  1262 | D:3      | Found an opulent altar of Gozag.
  1271 | D:3      | Became a worshipper of Gozag Ym Sagoz the Greedy
  1359 | D:3      | Found a transporter.
  1363 | D:3      | Noticed a wight
  1385 | D:3      | Found a transporter.
  1411 | D:3      | Noticed Yogidamonk's ghost (amateur MiFi)
  1575 | D:3      | Reached XP level 3. HP: 16/16 MP: 1/8
  1703 | D:3      | Reached skill level 3 in Spellcasting
  1804 | D:3      | You fall into a shaft and drop 1 floor!
  2713 | D:2      | Killed Sigmund
  2714 | D:2      | Reached skill level 4 in Spellcasting
  2714 | D:2      | Reached XP level 4. HP: 21/21 MP: 0/11
  2714 | D:2      | Reached XP level 5. HP: 24/24 MP: 0/12
  2966 | D:2      | Found a hazy altar of Hepliaklqana.
  2970 | D:2      | Identified a scroll of acquirement
  2971 | D:2      | Acquired the +0 buckler "Cuash" {Str+4}
  3298 | D:2      | Learned a level 4 spell: Iskenderun's Mystic Blast
  3301 | D:2      | Learned a level 2 spell: Passwall
  3691 | D:4      | Reached skill level 5 in Spellcasting
  3691 | D:4      | Reached XP level 6. HP: 23/28 MP: 4/14
  3759 | D:4      | Found a stormy altar of Qazlal.
  4397 | D:5      | Entered Level 5 of the Dungeon
  4406 | D:5      | Reached skill level 6 in Spellcasting
  4494 | D:5      | Reached XP level 7. HP: 32/32 MP: 10/17
  4539 | D:5      | Found Nyafid's Distillery.
  4567 | D:5      | Bought a potion of might for 48 gold pieces
  4567 | D:5      | Bought a potion of might for 48 gold pieces
  4567 | D:5      | Bought a potion of curing for 36 gold pieces
  4567 | D:5      | Bought a potion of heal wounds for 60 gold pieces
  4567 | D:5      | Bought a potion of magic for 96 gold pieces
  4567 | D:5      | Bought a potion of lignification for 36 gold pieces
  4567 | D:5      | Bought a potion of mutation for 96 gold pieces
  4604 | D:5      | Found a blossoming altar of Fedhas.
  4647 | D:5      | Reached skill level 5 in Conjurations
  4929 | D:5      | Noticed Prince Ribbit
  4946 | D:5      | Killed Prince Ribbit
  5156 | D:5      | Acquired the +7 quarterstaff of the Living God {venom, rC+
                  | Int-4 Dex+4}
  5187 | D:5      | Noticed Menkaure
  5198 | D:5      | Killed Menkaure
  5199 | D:5      | Reached skill level 1 in Staves
  5199 | D:5      | Reached skill level 7 in Spellcasting
  5522 | D:5      | Reached XP level 8. HP: 27/37 MP: 14/20
  5678 | D:5      | Found a glowing golden altar of the Shining One.
  5846 | D:6      | Reached skill level 1 in Fighting
  6861 | D:6      | Found Bewnuzoa's Armour Shop.
  7116 | D:6      | Reached skill level 8 in Spellcasting
  7251 | D:6      | Reached skill level 5 in Dodging
  7889 | D:6      | Slain by an orc warrior

Illustrated notes

Levels and vault maps discovered:
D:1:      psy_arrival_conway, layout_rooms, hellmonk_ecumenical_altar_blasted
D:2:      layout_basic, basic_altar, minmay_tetromino_i2, uniq_sigmund
D:3:      layout_basic, old_standard_altar, serial_shops, shop,
          gammafunk_ghost_mausoleum, minivault_26, minmay_misc_feat_enclosed,
          chequers_garden, minmay_cut_off
D:4:      layout_loops_ring, mainiacjoe_overflow_chevrons, sigmund_army
D:5:      layout_basic, old_standard_altar, fedhas_altar_1, serial_shops, shop,
          uniq_menkaure, uniq_prince_ribbit1
D:6:      layout_basic, serial_bayou, serial_bayou_lagoon_a,
          serial_bayou_pond_a, serial_bayou_pond_c, serial_bayou_crossing,
          serial_bayou_pond_d, serial_bayou_shore_b, serial_shops, shop

Skill      XL: |  1  2  3  4  5  6  7  8 |
---------------+-------------------------+-----
Conjurations   | 3 4 5 6 |  6.0
Spellcasting   | 4 5 6 7 8 |  8.1
Dodging        | 3 4 5 |  5.1
Stealth        | 4 |  4.7
Staves         | 1 2 |  2.8
Fighting       | 2 |  2.1
Shields        | |  0.7

Action                   |  1- 3 |  4- 6 |  7- 9 || total
-------------------------+-------+-------+-------++-------
Melee: Quarterstaff      |    10 |       |    72 ||    82
       Club              |       |     6 |       ||     6
 Cast: Magic Dart        |    80 |    42 |    28 ||   150
       Searing Ray       |     6 |    10 |    28 ||    44
       Iskenderun's Myst |       |       |     1 ||     1
  Use: Scroll            |       |     5 |     3 ||     8
       Potion            |       |       |     4 ||     4
 Stab: Sleeping          |       |       |     1 ||     1
Armor: Robe              |     3 |     1 |     6 ||    10
Dodge: Dodged            |    26 |    15 |    85 ||   126
Block: Buckler           |       |     6 |       ||     6

Table legend: (Time is in decaauts)
 A = Elapsed time spent in this place.
 B = Non-inter-level travel time spent in this place.
 C = Inter-level travel time spent in this place.
 D = Time resting spent in this place.
 E = Time spent auto-exploring this place.
 F = Levels seen in this place.
 G = Mean time per level.
                   A        B        C        D        E       F      G
               +--------+--------+--------+--------+--------+-----+--------+
         Total |   6509 |   6427 |     82 |    227 |   5198 |   6 | 1084.8 |
       Dungeon |   6509 |   6427 |     82 |    227 |   5198 |   6 | 1084.8 |
               +--------+--------+--------+--------+--------+-----+--------+

Top non-repeatable levels by time:
     D:6: 1939 daAuts
     D:5: 1181 daAuts
     D:2: 1077 daAuts
     D:3: 921 daAuts
     D:4: 792 daAuts
     D:1: 597 daAuts
